Map: Abiogenesis LE

Players

Bly - Winner!

  • Race: Zerg Zerg
  • Spawn Location: 5:00

uThermal

  • Race: Terran Terran
  • Spawn Location: 11:00

Event: WCS Leipzig 2018

VOD

Have the link to the VOD?

Description

Time

  • Played on: Jan. 26, 2018, 1:30 p.m.
  • Length: 8:07

All games in this series

Show
View Real Time Build Order
Export as new Build Order

Bly Zerg - Winner!

Build Orders: Pool First 

Get SALT Encoding   

  12  0:01  Drone  
  13  0:12  Overlord  
  13  0:17  Drone  
  14  0:31  Drone x2  
  16  0:41  Spawning Pool  
  15  0:46  Drone  
  15  0:48  Drone  
  17  1:04  Extractor  
  16  1:11  Hatchery  
  16  1:14  Drone  
  16  1:19  Drone  
  17  1:28  Zergling x4  
  19  1:35  Queen  
  21  1:43  Overlord  
  21  1:50  Drone  
  22  2:03  Roach Warren  
  22  2:08  Drone  
  22  2:14  Drone  
  22  2:30  Queen  
  24  2:42  Roach x2  
  24  2:43  Roach x2  
  31  2:46  Drone x2  
  33  2:52  Overlord  
  33  3:06  Drone x3  
  36  3:15  Ravager x2  
  36  3:18  Drone x4  
  42  3:22  Drone  
  43  3:28  Drone  
  43  3:30  Overlord  
  44  3:44  Overlord  
  44  3:50  Drone x3  
  44  3:51  Drone x2  
  44  3:53  Ravager  
  44  3:55  Ravager  
  51  3:58  Overlord  
  51  4:01  Drone  
  52  4:03  Queen  
  54  4:15  Hatchery  
  53  4:32  Drone  
  53  4:33  Drone x2  
  53  4:35  Drone x2  
  53  4:36  Drone x3  
  53  4:37  Metabolic Boost  
  61  4:40  Queen  
  63  4:46  Drone x3  
  66  4:53  Extractor  
  66  4:54  Extractor  
  64  5:01  Overlord x2  
  64  5:05  Queen  
  66  5:14  Overlord x2  
  66  5:18  Lair  
  66  5:23  Zergling x10  
  66  5:27  Queen  
  73  5:35  Evolution Chamber  
  72  5:38  Zergling x4  
  72  5:39  Zergling x8  
  78  5:49  Drone x7  
  84  5:53  Drone  
  85  6:10  Drone x5  
  85  6:11  Extractor, Overlord  
  90  6:13  Extractor  
  88  6:18  Glial Reconstitution  
  88  6:21  Infestation Pit  
  88  6:24  Overlord  
  86  6:28  Overlord  
  86  6:30  Drone x3  
  86  6:31  Roach  
  86  6:32  Roach x5  
  103  6:47  Roach x5  
  110  6:57  Overlord x2  
  110  6:59  Infestor x2  
  114  7:10  Roach x4  
  114  7:11  Overlord  
  121  7:24  Roach  
  121  7:25  Roach x6  
  135  7:33  Roach x4  
  135  7:34  Ravager  
  135  7:36  Overlord  
Show
View Real Time Build Order
Export as new Build Order

uThermal Terran 

Build Orders: Reaper Expand 

Get SALT Encoding   

  12  0:01  SCV  
  13  0:13  SCV  
  14  0:17  Supply Depot  
  14  0:25  SCV  
  15  0:38  SCV  
  15  0:40  Barracks  
  16  0:44  Refinery  
  16  0:50  SCV  
  17  1:03  SCV  
  18  1:15  SCV  
  19  1:27  Reaper  
  19  1:28  Orbital Command  
  20  1:40  Command Center  
  20  1:51  Supply Depot  
  20  1:53  SCV  
  21  1:59  Marine  
  22  2:05  SCV  
  22  2:07  Factory  
  23  2:13  Refinery  
  23  2:17  SCV  
  23  2:22  Barracks Reactor  
  24  2:29  SCV  
  24  2:41  SCV  
  24  2:54  SCV  
  24  2:56  Starport  
  25  3:02  Marine x2  
  27  3:05  Orbital Command  
  26  3:08  Bunker, Cyclone  
  26  3:09  SCV  
  30  3:19  Marine x2  
  30  3:21  SCV  
  33  3:32  SCV  
  33  3:33  SCV  
  35  3:38  Marine x2  
  35  3:40  Cyclone  
  40  3:44  SCV  
  40  3:45  Medivac  
  40  3:46  SCV  
  44  3:53  Supply Depot  
  44  3:56  SCV  
  44  3:58  SCV  
  46  4:05  Supply Depot  
  46  4:14  Marine x2  
  46  4:15  SCV x2  
  50  4:24  Factory Tech Lab  
  50  4:27  SCV x2  
  50  4:35  Barracks  
  50  4:37  Barracks  
  52  4:39  SCV  
  52  4:42  Starport Reactor  
  52  4:45  Barracks x2  
  51  4:49  Siege Tank  
  51  4:50  Barracks Tech Lab  
  54  4:54  SCV  
  54  4:59  SCV, Engineering Bay  
  56  5:00  Refinery  
  56  5:05  Supply Depot  
  56  5:06  SCV  
  57  5:09  Marine  
  57  5:10  Stimpack  
  58  5:15  SCV  
  58  5:18  SCV, Supply Depot  
  58  5:19  Refinery  
  60  5:27  Siege Tank  
  60  5:28  SCV  
  64  5:30  SCV  
  64  5:31  Barracks Reactor  
  65  5:35  Barracks Reactor  
  65  5:36  Marine  
  65  5:37  Marine x2  
  65  5:39  Marine  
  65  5:40  SCV  
  70  5:47  Marine  
  71  5:50  Supply Depot, Terran Infantry Weapons Level 1  
  71  5:54  Marine  
  71  5:55  Marine  
  73  5:57  Supply Depot  
  73  6:01  Siege Tank  
  73  6:02  Marine x2  
  78  6:10  Supply Depot  
  78  6:11  Marine x3  
  78  6:12  Marine  
  78  6:13  Marine  
  78  6:16  Marine  
  84  6:19  Marine  
  84  6:21  Supply Depot  
  84  6:23  Medivac, Marine  
  84  6:25  Marine  
  88  6:32  Marine  
  90  6:33  Siege Tank  
  90  6:36  Marine  
  90  6:37  Supply Depot  
  90  6:39  Marine  
  95  6:41  Marine  
  95  6:42  Marine x2  
  98  6:48  Marine  
  98  6:52  Marine  
  98  6:53  Marine  
  101  6:55  Medivac  
  101  6:56  Marine  
  101  6:58  Marine  
  105  7:02  Marine x2  
  105  7:07  Marine x2  
  109  7:09  Marine  
  109  7:10  Marine  
  109  7:11  Siege Tank  
  109  7:13  Marine  
  109  7:14  Marine  
  116  7:16  Marine  
  116  7:20  Marine  
  118  7:29  Supply Depot x2  
  118  7:37  Marine x3  
  118  7:39  Marine  
  118  7:40  Marine  
  118  7:41  Marine x2  
  118  7:42  Marine  
  111  7:45  Marine  
Tags
 
Add a new tag
Caveats
  • Supply blocks, unpowered buildings, or Contaminate may cause inaccurate times.
  • Supply counts are checked every 10 seconds.